 Dungeon Crawl Stone Soup version 0.31-a0-369-g8eba5f6939 (webtiles) character file.

Game seed: 9408180588617621523

177 quinnr the Gusty (level 5, 0/28 HPs)
             Began as a Tengu Air Elementalist on July 28, 2023.
             Slain by a bullfrog (7 damage)
             ... in a sewer.
             The game lasted 00:04:25 (1970 turns).

quinnr the Gusty (Tengu Air Elementalist)           Turns: 1970, Time: 00:04:25

Health: 0/28       AC:  3    Str:  8    XL:     5   Next: 57%
Magic:  9/9        EV: 14    Int: 18    God:
Gold:   33         SH:  0    Dex: 14    Spells: 5/8 levels left

rFire   . . .        g - +2 dagger (drain)
rCold   . . .        (no shield)
rNeg    . . .        a - +0 robe
rPois   .            (helmet restricted)
rElec   .            (no cloak)
rCorr   .            j - +0 pair of gloves
SInv    .            (boots unavailable)
Will    .....        (no amulet)
Stlth   ++           (no ring)
HPRegen 0.24/turn    (no ring)
MPRegen 0.11/turn

%: no passive effects
@: flying quickly and evasively, quick
A: beak, talons 3, nimble flight
a: no special abilities


You were in a sewer.
You visited 1 branch of the dungeon, and saw 3 of its levels.
You also visited: Sewer.

You collected 33 gold pieces.


Innate Abilities, Weirdness & Mutations

You have a beak for a mouth.
You have claws for feet.
Your magical nature lets you fly swiftly and evasively.


   Skills:
 - Level 2.1 Dodging
 - Level 2.5 Stealth
 - Level 2.0 Spellcasting
 - Level 3.0 Conjurations
 + Level 7.2 Air Magic


You had 5 spell levels left.
You knew the following spells:

 Your Spells              Type           Power      Damage    Failure   Level
t - Static Discharge      Conj/Air       40%        2-4/arc   3%          2
z - Shock                 Conj/Air       80%        1d8       2%          1

Your spell library contained the following spells:

 Spells                   Type           Power      Damage    Failure   Level
 Swiftness                Air            28%        N/A       2%          3
 Airstrike                Air            14%        2d(2-18)  9%          4

Inventory:

Hand Weapons
 g - a +2 dagger of draining (weapon)
Armour
 a - a +0 robe (worn)
 j - a +0 pair of gloves (worn)
Scrolls
 c - a scroll of poison {unknown}
 e - a scroll of revelation {unknown}
 f - 2 scrolls of identify {unknown}
 m - 2 scrolls of fear {unknown}
 p - 2 scrolls of summoning {unknown}
Potions
 d - 3 potions of curing {unknown}
 h - 2 potions of brilliance
 i - a potion of enlightenment
 k - a potion of resistance {unknown}
 l - a potion of heal wounds {@q2}
 n - a potion of lignification {unknown}
 o - a potion of attraction {unknown}

Dungeon Overview and Level Annotations

Branches:
Dungeon (3/15)              Sewer (1/1)

Altars:

▒# ~~~.▒
▒..~~. ▒≈
~≈≈≈▒ ▒≈~≈≈≈
▒≈ ≈~≈≈▒
▒≈~≈≈≈
▒≈≈≈~≈≈▒
▒≈~≈≈≈
▒≈≈~S≈≈#
▒≈≈~≈≈
▒≈#~≈≈≈▒
▒≈≈≈~~
▒≈S≈≈≈≈▒
▒≈≈≈≈≈
▒SSF≈≈≈▒
▒≈≈≈≈~
▒≈@≈≈≈≈▒
▒≈~.~.
▒≈~≈≈≈≈▒
#≈~...
▒≈≈~≈≈≈▒
▒≈~~~~
▒≈≈~≈≈≈▒
▒~~≈≈≈
▒≈≈~~≈≈▒
▒~≈≈≈≈
▒≈≈≈~≈≈#
▒≈~†≈≈
▒≈≈≈~≈≈▒
▒≈≈≈~≈
#≈≈≈~≈≈▒▒▒▒▒
#≈≈≈~≈
▒#..~.#▒▒..▒
▒#~...


You could see a bullfrog, 2 adders and 2 ball pythons.


Message History

Casting: Static Discharge (safe; 4% risk of failure)
Confirm with . or Enter, or press ? or * to list all spells.
Aiming: Shock (safe; 2% risk of failure)
Press: ? - help, Shift-Dir - straight line, f/p - bullfrog
Aim: a bullfrog (almost dead, 64% to hit)
That beam is likely to hit you.
Continue anyway?
The zap hits the bullfrog.
You kill the bullfrog!
The zap hits the adder.
The adder is lightly wounded.
The zap misses the adder.
The zap hits you.
* * * LOW HITPOINT WARNING * * *
An adder comes into view.
The bullfrog closely misses you. The adder closely misses you.
Your Air Magic skill increases to level 7!
Unknown command.
Unknown command.
Casting: Shock (safe; 2% risk of failure)
Confirm with . or Enter, or press ? or * to list all spells.
You don't have enough magic to cast this spell.
Unknown command.
Unknown command.
Casting: Shock (safe; 2% risk of failure)
Confirm with . or Enter, or press ? or * to list all spells.
You don't have enough magic to cast this spell.
Unknown command.
Magic courses through your body. The bullfrog hits you!
* * * LOW HITPOINT WARNING * * *
The adder closely misses you. The bullfrog hits you!
You die...

Skill      XL: |  1  2  3  4  5 |
---------------+----------------+-----
Air Magic      | 5 6 7 |  7.2
Conjurations   | 2 3 |  3.0
Dodging        | |  2.1
Stealth        | |  2.5
Spellcasting   | |  2.0

Action                     |  1- 3 |  4- 6 || total
---------------------------+-------+-------++-------
  Melee: Unarmed           |     3 |       ||     3
         Peck              |     6 |       ||     6
         Dagger            |    10 |       ||    10
         Kick              |     1 |       ||     1
   Cast: Shock             |    75 |    35 ||   110
         Static Discharge  |     1 |     8 ||     9
    Use: Potion            |       |     4 ||     4
 Armour: Robe              |    10 |     1 ||    11
  Dodge: Dodged            |    36 |    15 ||    51

Levels and vault maps discovered:
D:1:      lightli_arrival_isolated_outpost, layout_rooms, st_stairs_11,
          minmay_misc_feat_secret_circle
D:2:      layout_rooms, chequers_ecumenical_altar_simple_redux,
          dreamdust_mushroom_princess
D:3:      wad_river_or_something, layout_rooms, cheibrodos_sewer_entry_bend,
          serial_rivers, chequers_serial_rivers_room_a,
          chequers_serial_rivers_marsh, chequers_serial_rivers_micro_e,
          chequers_serial_rivers_micro_d, hangedman_abyss_or_decor_stabs
Sewer:    sewer_minmay_w

Notes
Turn   | Place    | Note
-------+----------+-------------------------------------------
     0 | D:1      | quinnr the Tengu Air Elementalist began the quest for the
                  | Orb.
     0 | D:1      | Reached XP level 1. HP: 10/10 MP: 4/4
   144 | D:1      | Reached XP level 2. HP: 15/15 MP: 0/6
   523 | D:1      | Reached skill level 5 in Air Magic
   903 | D:2      | Reached XP level 3. HP: 19/19 MP: 5/7
  1118 | D:3      | Found a glowing drain.
  1164 | Sewer    | Entered a sewer
  1244 | Sewer    | Learned a level 2 spell: Static Discharge
  1396 | Sewer    | Reached skill level 2 in Conjurations
  1396 | Sewer    | Reached XP level 4. HP: 7/24 MP: 2/8
  1547 | Sewer    | Reached skill level 6 in Air Magic
  1848 | Sewer    | Reached skill level 3 in Conjurations
  1964 | Sewer    | Noticed a bullfrog
  1965 | Sewer    | Noticed a bullfrog
  1966 | Sewer    | Gained mutation: Your magical nature lets you fly swiftly
                  | and evasively. [Tengu growth]
  1966 | Sewer    | Reached XP level 5. HP: 28/28 MP: 6/9
  1970 | Sewer    | Reached skill level 7 in Air Magic
  1970 | Sewer    | Slain by a bullfrog

Vanquished Creatures
  A bullfrog (Sewer)
  A river rat (Sewer)
  5 adders (Sewer)
  2 worms (D:3)
  10 ball pythons
  3 bats (D:1)
  4 endoplasms
  A giant cockroach (D:1)
  3 goblins
  3 hobgoblins (D:1)
  3 jackals (D:1)
  2 kobolds (D:1)
  3 frilled lizards (D:1)
  24 rats
65 creatures vanquished.

Table legend: (Time is in decaauts)
 A = Elapsed time spent in this place.
 B = Non-inter-level travel time spent in this place.
 C = Inter-level travel time spent in this place.
 D = Time resting spent in this place.
 E = Time spent auto-exploring this place.
 F = Levels seen in this place.
 G = Mean time per level.
                   A        B        C        D        E       F      G
               +--------+--------+--------+--------+--------+-----+--------+
         Total |   2031 |   1967 |     64 |     97 |   1445 |   4 |  507.8 |
       Dungeon |   1176 |   1112 |     64 |     40 |    800 |   3 |  392.0 |
         Sewer |    854 |    854 |      0 |     57 |    644 |   1 |  854.0 |
               +--------+--------+--------+--------+--------+-----+--------+

Top non-repeatable levels by time:
     D:1: 1000 daAuts
   Sewer: 854 daAuts
     D:2: 110 daAuts
     D:3: 66 daAuts

Table legend:
 A = Non-vault XP
 B = Vault XP
 C = Vault XP percentage of total XP
 D = Non-vault monster count
 E = Vault monster count
 F = Vault count percentage of total count
                 A         B        C        D         E       F
            +---------+---------+-------+---------+---------+-------
      Total |      38 |     216 |  85.0 |      22 |      43 |  66.2
            +---------+---------+-------+---------+---------+-------
        D:1 |      32 |       8 |  20.0 |      18 |       5 |  21.7
        D:2 |       3 |       0 |   0.0 |       2 |       0 |   0.0
        D:3 |       3 |      10 |  76.9 |       2 |       2 |  50.0
      Sewer |       0 |     198 | 100.0 |       0 |      36 | 100.0
            +---------+---------+-------+---------+---------+-------

Levels and vault maps discovered:
D:1:      lightli_arrival_isolated_outpost, layout_rooms, st_stairs_11,
          minmay_misc_feat_secret_circle
D:2:      layout_rooms, chequers_ecumenical_altar_simple_redux,
          dreamdust_mushroom_princess
D:3:      wad_river_or_something, layout_rooms, cheibrodos_sewer_entry_bend,
          serial_rivers, chequers_serial_rivers_room_a,
          chequers_serial_rivers_marsh, chequers_serial_rivers_micro_e,
          chequers_serial_rivers_micro_d, hangedman_abyss_or_decor_stabs
Sewer:    sewer_minmay_w
